 Dungeon Crawl Stone Soup version 0.31.0-11-ge490571c62 (webtiles) character file.

Game seed: 10597802563273547265

494 qw the Skirmisher (level 6, 0/35 HPs)
             Began as a Deep Elf Hunter on Feb 4, 2024.
             Slain by a killer bee (4 damage)
             ... on level 5 of the Dungeon.
             The game lasted 00:00:13 (3293 turns).

qw the Skirmisher (Deep Elf Hunter)                 Turns: 3293, Time: 00:00:13

Health: 0/35       AC:  9    Str: 10    XL:     6   Next: 92%
Magic:  8/8        EV: 11    Int: 14    God:
Gold:   317        SH:  0    Dex: 18    Spells: 5/5 levels left

rFire   . . .        a - +4 shortbow (drain)
rCold   . . .        (shield currently unavailable)
rNeg    . . .        l - +0 ring mail
rPois   +            p - +0 helmet
rElec   .            (no cloak)
rCorr   .            e - +0 pair of gloves
SInv    .            m - +1 pair of boots
Will    .....        (no amulet)
Stlth   +            o - ring of poison resistance
HPRegen 0.25/turn    (no ring)
MPRegen 0.11/turn

%: no passive effects
@: lethally poisoned (0 -> -1), about to teleport
A: no striking features
a: no special abilities


You were on level 5 of the Dungeon.
You visited 1 branch of the dungeon, and saw 5 of its levels.

You collected 317 gold pieces.


   Skills:
 - Level 2.1 Fighting
 + Level 10.2 Ranged Weapons
 - Level 1.0 Armour
 - Level 3.1 Dodging
 - Level 1.2 Stealth


You had 5 spell levels left.
You didn't know any spells.
Your spell library was empty.

Inventory:

Hand Weapons
 a - a +4 shortbow of draining (weapon)
Armour
 e - a +0 pair of gloves (worn)
 l - a +0 ring mail (worn)
 m - a +1 pair of boots (worn)
 p - a +0 helmet (worn)
Jewellery
 j - a ring of fire
 o - a ring of poison resistance (left hand)
Wands
 c - a wand of polymorph (5)
Potions
 b - a potion of might {unknown}
 d - a potion of curing {unknown}
 f - a potion of enlightenment {unknown}
 g - a potion of magic {unknown}
 h - a potion of invisibility {unknown}
 i - a potion of mutation {unknown}
 k - a potion of resistance
 n - a potion of heal wounds {unknown}

Dungeon Overview and Level Annotations

Branches:
Dungeon (5/15)
 Temple: D:4-7

Altars:
Ashenzari
Fedhas
Kikubaaqudgha
Nemelex Xobeh
Yredelemnul
The Shining One


Message History

Your Dodging skill increases to level 3!
A killer bee comes into view.
You shoot an arrow. The arrow hits the killer bee!
The killer bee buzzes angrily.
The killer bee is severely wounded.
You shoot an arrow. The arrow barely misses the killer bee.
You shoot an arrow. The arrow misses the killer bee.
A killer bee comes into view.
You shoot an arrow. The killer bee buzzes angrily.
The arrow hits the killer bee but does no damage.
The killer bee is heavily wounded.
The killer bee stings you but does no damage. x2
You shoot an arrow. The arrow barely misses the killer bee.
The arrow closely misses the killer bee.
The killer bee closely misses you. The killer bee stings you.
You shoot an arrow. The arrow hits the killer bee!
You kill the killer bee!
The killer bee stings you.
You shoot an arrow. The arrow hits the killer bee!
You drain the killer bee.
The killer bee is almost dead.
The killer bee stings you.
You are poisoned.
The killer bee poisons you!
The killer bee stings you but does no damage.
The killer bee stings you.
You shoot an arrow. The arrow misses the killer bee.
You feel sick. The killer bee stings you.
The killer bee stings you but does no damage.
You shoot an arrow. The arrow misses the killer bee.
You feel sick. The killer bee barely misses you. x2
You shoot an arrow. The arrow barely misses the killer bee.
You feel sick. The killer bee stings you. The killer bee barely misses you.
You shoot an arrow. The arrow misses the killer bee.
You feel sick. The killer bee closely misses you. The killer bee stings you.
3293 ||| READING scroll of teleportation.
As you read the scroll of teleportation, it crumbles to dust.
You feel strangely unstable.
You feel sick. The killer bee stings you. x2
You die...

##########
############........#
......y@............#
############........##
#.......# ####......#
#.#####.###.....###.#
#.....%.......#.#
#..####.##.##.#.#
#..####|...)..#.#
#.....#..#....#.#
##.##%#..###.##.#


You could see a killer bee (very drained).

Vanquished Creatures
  Menkaure (D:4)
  2 killer bees (D:5)
  2 iguanas
  Robin (D:4)
  8 adders
  4 gnolls (D:4)
  3 dart slugs
  2 ribbon worms
  3 orcs
  4 endoplasms
  6 giant cockroaches
  10 goblins
  11 hobgoblins
  7 jackals
  4 quokkas
  8 ball pythons
  9 bats
  6 frilled lizards
  5 kobolds
  9 rats
105 creatures vanquished.

Notes
Turn   | Place    | Note
-------+----------+-------------------------------------------
     0 | D:1      | qw the Deep Elf Hunter began the quest for the Orb.
     0 | D:1      | Reached XP level 1. HP: 12/12 MP: 3/3
     0 | D:1      | 0 ||| qw: Version: 0.3-a-160-g6735b56
     0 | D:1      | 0 ||| qw: Game counter: 5351
     0 | D:1      | 0 ||| qw: Melee chars always use a shield: true
     0 | D:1      | 0 ||| qw: God list: Okawaru
     0 | D:1      | 0 ||| qw: Allow faded altars: false
     0 | D:1      | 0 ||| qw: Do Orc after clearing Dungeon:15 true
     0 | D:1      | 0 ||| qw: Do second Lair branch before Depths: true
     0 | D:1      | 0 ||| qw: Lair rune preference: random
     0 | D:1      | 0 ||| qw: Goals: Normal
     0 | D:1      | 0 ||| PLANNING D:1-11
   269 | D:1      | Reached XP level 2. HP: 16/16 MP: 4/4
   281 | D:1      | Reached skill level 6 in Ranged Weapons
   931 | D:1      | 931 ||| UPGRADING to +0 pair of boots.
   936 | D:1      | 936 ||| DROPPING +6 ring of intelligence.
   937 | D:1      | 937 ||| READING 2 scrolls labelled LEULOJ JIZIH.
   937 | D:1      | 937 ||| ENCHANTING +0 shortbow.
   938 | D:1      | 938 ||| READING scroll of enchant weapon.
   938 | D:1      | 938 ||| ENCHANTING +1 shortbow.
   939 | D:1      | 939 ||| READING 2 scrolls labelled ELYUSI LUIME.
   940 | D:1      | 940 ||| READING scroll labelled ZOTAAT WYAMISKYA.
   940 | D:1      | 940 ||| ENCHANTING +0 pair of boots.
   941 | D:1      | 941 ||| READING scroll labelled HIR REORIRGHEZIOST.
  1042 | D:1      | 1042 ||| DROPPING scroll of butterflies.
  1043 | D:1      | 1043 ||| DROPPING scroll of amnesia.
  1059 | D:2      | 1059 ||| STAIRDANCE
  1068 | D:2      | Reached XP level 3. HP: 14/20 MP: 5/5
  1105 | D:2      | Reached skill level 7 in Ranged Weapons
  1265 | D:2      | Reached XP level 4. HP: 25/25 MP: 6/6
  1513 | D:2      | Found a faded altar of an unknown god.
  1639 | D:2      | 1639 ||| UPGRADING to +0 pair of gloves.
  1644 | D:2      | 1644 ||| READING scroll labelled VAIMPU DUMUTIY.
  1645 | D:2      | 1645 ||| READING 2 scrolls labelled SEOLIQ OPREFOT.
  1646 | D:2      | 1646 ||| DROPPING scroll of fear.
  1690 | D:3      | 1690 ||| READING scroll of enchant weapon.
  1690 | D:3      | 1690 ||| ENCHANTING +2 shortbow.
  1722 | D:3      | Reached skill level 8 in Ranged Weapons
  1843 | D:3      | Found a sparkling altar of Nemelex Xobeh.
  1955 | D:3      | Reached XP level 5. HP: 29/29 MP: 7/7
  2147 | D:3      | Found a glowing golden altar of the Shining One.
  2297 | D:3      | 2297 ||| UPGRADING to +0 ring mail.
  2307 | D:3      | 2307 ||| DROPPING +0 leather armour.
  2308 | D:3      | 2308 ||| READING scroll labelled ZOWNEZI VUPNEABE.
  2309 | D:3      | 2309 ||| READING scroll labelled PAGRER ZOITI.
  2310 | D:3      | 2310 ||| READING scroll labelled XEKISA KAUBRU.
  2310 | D:3      | 2310 ||| BRANDING +3 shortbow.
  2311 | D:3      | 2311 ||| READING 2 scrolls labelled VAGELOAN PYRU.
  2315 | D:3      | 2315 ||| DRINKING 2 lumpy black potions.
  2316 | D:3      | 2316 ||| DRINKING 2 bubbling purple potions.
  2317 | D:3      | 2317 ||| DROPPING potion of attraction.
  2677 | D:4      | Found an ancient bone altar of Kikubaaqudgha.
  2685 | D:4      | Found a basalt altar of Yredelemnul.
  2688 | D:4      | Found a broken altar of Ashenzari.
  2689 | D:4      | Found a blossoming altar of Fedhas.
  2786 | D:4      | 2786 ||| READING scroll of enchant weapon.
  2786 | D:4      | 2786 ||| ENCHANTING +3 shortbow of draining.
  2804 | D:4      | Reached skill level 9 in Ranged Weapons
  2922 | D:4      | Noticed Menkaure
  2926 | D:4      | Noticed Robin
  2933 | D:4      | Killed Robin
  2934 | D:4      | Reached skill level 1 in Armour
  2934 | D:4      | Reached XP level 6. HP: 10/35 MP: 8/8
  2934 | D:4      | HP: 6/35 [??? (3)]
  2935 | D:4      | 2935 ||| READING 2 scrolls of teleportation.
  2935 | D:4      | HP: 2/35 [goblin/+0 dagger[Robin] (1)]
  3084 | D:4      | Killed Menkaure
  3169 | D:4      | 3169 ||| UPGRADING to +0 helmet.
  3174 | D:4      | 3174 ||| UPGRADING to ring of poison resistance.
  3219 | D:5      | Entered Level 5 of the Dungeon
  3257 | D:5      | Reached skill level 10 in Ranged Weapons
  3281 | D:5      | Reached skill level 3 in Dodging
  3292 | D:5      | HP: 6/35 [killer bee (4)]
  3293 | D:5      | 3293 ||| READING scroll of teleportation.
  3293 | D:5      | Slain by a killer bee

Levels and vault maps discovered:
D:1:      dpeg_arrival_tiny_e, layout_basic, serial_curves, eino_curves_01,
          eino_curves_01, dreamdust_mushroom_princess, grunt_decor_fettered,
          minmay_cut_off
D:2:      layout_rooms, dreamdust_ecumenical_altar_statues, grunt_ministairs_4
D:3:      layout_basic, nemelex_spade_bored_becter, tso_oasis_becter
D:4:      layout_basic, minitemple, serial_corexii_hall, corexii_hall_statues_x,
          chequers_hall_statues_y, uniq_robin, uniq_menkaure
D:5:      layout_basic

Skill      XL: |  1  2  3  4  5  6 |
---------------+-------------------+-----
Ranged Weapons | 6 7 8 9 10 | 10.2
Fighting       | 2 |  2.1
Armour         | 1 |  1.0
Dodging        | 3 |  3.1
Stealth        | |  1.2

Action                     |  1- 3 |  4- 6 || total
---------------------------+-------+-------++-------
   Fire: Shortbow          |    89 |   170 ||   259
    Use: Scroll            |     5 |    10 ||    15
         Potion            |       |     2 ||     2
 Armour: Leather armour    |    27 |    11 ||    38
         Ring mail         |       |    31 ||    31
  Dodge: Dodged            |    26 |    27 ||    53

Table legend:
 A = Non-vault XP
 B = Vault XP
 C = Vault XP percentage of total XP
 D = Non-vault monster count
 E = Vault monster count
 F = Vault count percentage of total count
                 A         B        C        D         E       F
            +---------+---------+-------+---------+---------+-------
      Total |     495 |     211 |  29.9 |      86 |      19 |  18.1
            +---------+---------+-------+---------+---------+-------
        D:1 |      32 |       8 |  20.0 |      19 |       5 |  20.8
        D:2 |     101 |       3 |   2.9 |      28 |       2 |   6.7
        D:3 |      91 |       0 |   0.0 |      18 |       0 |   0.0
        D:4 |     132 |     200 |  60.2 |      17 |      12 |  41.4
        D:5 |     139 |       0 |   0.0 |       4 |       0 |   0.0
            +---------+---------+-------+---------+---------+-------
